 Dungeon Crawl Stone Soup version 0.29.1-15-g9cfb28693d (webtiles) character file.

Game seed: 5853329830729173397

63 bmack86 the Shield-Bearer (level 3, -1/30 (31) HPs)
             Began as a Minotaur Fighter on Apr 18, 2024.
             Killed from afar by Sigmund (3 damage)
             ... with a magic dart
             ... on level 2 of the Dungeon.
             The game lasted 00:03:20 (1801 turns).

bmack86 the Shield-Bearer (Minotaur Fighter)        Turns: 1801, Time: 00:03:21

HP:   -1/30 (31)    AC:  9    Str: 22    XL:     3   Next: 87%
MP:   2/2           EV:  7    Int:  5    God:
Gold: 157           SH:  4    Dex:  9    Spells: 2/2 levels left

rFire   . . .      SeeInvis .   a - +0 war axe
rCold   . . .      Faith    .   c - +0 buckler
rNeg    . . .      Spirit   .   i - +0 chain mail
rPois   .          Reflect  .   (helmet restricted)
rElec   .          Harm     .   (no cloak)
rCorr   .          Rampage  .   (no gloves)
Will    .....                   (no boots)
Stlth   ..........              (no amulet)
HPRegen 0.10/turn               (no ring)
MPRegen 0.08/turn               (no ring)

@: lightly drained
A: horns 2, retaliatory headbutt
a: no special abilities


You were on level 2 of the Dungeon.
You visited 1 branch of the dungeon, and saw 2 of its levels.

You collected 157 gold pieces.

Inventory:

Hand Weapons
 a - a +0 war axe (weapon)
Armour
 b - a +0 scale mail
 c - a +0 buckler (worn)
 i - a +0 chain mail (worn)
Jewellery
 k - a ring of ice
Scrolls
 f - a scroll of amnesia {unknown}
 h - a scroll of brand weapon {unknown}
 j - a scroll of blinking {unknown}
 l - a scroll of identify {unknown}
 p - a scroll of noise {unknown}
 q - a scroll of fear {unknown}
 r - a scroll of fog {unknown}
Potions
 d - a potion of might
 e - a potion of berserk rage {unknown}
 g - a potion of heal wounds {unknown}
 m - 3 potions of curing {unknown}
 n - a potion of lignification {unknown}
 o - a potion of haste {unknown}


   Skills:
 - Level 3.6 Fighting
 + Level 3.9 Axes
 - Level 3.6 Armour
 - Level 5.0 Shields


You had 2 spell levels left.
You didn't know any spells.
Your spell library contained the following spells:

 Spells                   Type           Power      Damage    Failure   Level
 Magic Dart               Conj           0%         1d3       99%         1
 Call Imp                 Summ           0%         N/A       100%        2
 Mephitic Cloud           Conj/Pois/Air  0%         N/A       100%        3


Dungeon Overview and Level Annotations

Branches:
Dungeon (2/15)

Altars:
Ashenzari

Shops:
D:2 *

Annotations:
D:2 Sigmund


Innate Abilities, Weirdness & Mutations

You have a pair of horns on your head.
You reflexively headbutt those who attack you in melee.


Message History

Sigmund gestures wildly while chanting.
Sigmund flickers and vanishes!
Deactivating autopickup; reactivate with Ctrl-A.
No target in view!
No target in view!
No target in view!
No target in view!
You closely miss something. Something hits you but does no damage.
You hit something. Your headbutt misses something.
You hear some strange, mumbled words.
A magic dart appears from out of thin air!
The magic dart hits you but does no damage.
You miss something.
You hear a zap.
A puff of flame appears from out of thin air!
The puff of flame hits you!
You hit something. Something hits you.
You hit something. Your headbutt misses something. Something hits you!
* * * LOW HITPOINT WARNING * * *
You miss something. Your headbutt misses something.
You hear some strange, mumbled words.
Something tries to affect you, but you resist.
You closely miss something.
You hear some strange, mumbled words.
A puff of flame appears from out of thin air!
The puff of flame hits you.
* * * LOW HITPOINT WARNING * * *
You block something's attack.
You closely miss something.
You hear some strange, mumbled words.
Something tries to affect you, but you resist.
You barely miss something. You headbutt something!
You hear a zap.
A puff of flame appears from out of thin air!
The puff of flame hits you but does no damage.
You barely miss something.
You hear some strange, mumbled words.
A magic dart appears from out of thin air!
The magic dart hits you.
You die...

##.### #.#
.....# #.#
##.#.# #.#
##.#.# #.##
.#.#.# #..#
...#.# ##.#
>###.# #.# ##
#.# #{# #
#.###########@#
#.............#
###############


There were no monsters in sight!

Vanquished Creatures
  A dart slug (D:1)
  6 ball pythons
  4 endoplasms
  5 goblins (D:1)
  9 hobgoblins
  6 jackals (D:1)
  2 quokkas (D:1)
  4 bats (D:1)
  4 frilled lizards
  7 kobolds
  6 rats
  A spectral kobold (D:2)
55 creatures vanquished.

Notes
Turn   | Place    | Note
-------+----------+-------------------------------------------
     0 | D:1      | bmack86 the Minotaur Fighter began the quest for the Orb.
     0 | D:1      | Reached XP level 1. HP: 19/19 MP: 0/0
    44 | D:1      | Reached skill level 4 in Shields
   144 | D:1      | Reached XP level 2. HP: 26/26 MP: 1/1
   466 | D:1      | Reached XP level 3. HP: 31/31 MP: 2/2
   757 | D:1      | Reached skill level 5 in Shields
  1360 | D:2      | Found a faded altar of an unknown god.
  1402 | D:2      | Found Diunuc's General Store.
  1506 | D:2      | Found a broken altar of Ashenzari.
  1788 | D:2      | Noticed Sigmund
  1801 | D:2      | Killed from afar by Sigmund

Illustrated notes

Levels and vault maps discovered:
D:1:      dpeg_arrival_morbid_curiosity, layout_basic
D:2:      minmay_alternating_diamond, layout_loops_ring, basic_altar,
          serial_shops, nicolae_shop_behind_doors,
          dreamdust_ecumenical_altar_drowned_temple, uniq_sigmund

Skill      XL: |  1  2  3 |
---------------+----------+-----
Shields        | 4 5 |  5.0
Axes           | 3 |  3.9
Fighting       | |  3.6
Armour         | |  3.6

Action                   || total
-------------------------++-------
Melee: War axe           ||   136
       Headbutt          ||     9
Armor: Scale mail        ||     8
       Chain mail        ||    60
Dodge: Dodged            ||    53
Block: Buckler           ||    29
